NWL (28 & UNDER)
CASPER GHOSTS @ MENLO MANIACS
08/13/2029
 
TOP OF THE 1ST
Casper Ghosts batting - Pitching for Menlo Maniacs : RHP Brad Small
Pitching: RHP Brad Small
Batting: RHB Peter Bryant 0-0: Ball
1-0: Foul Ball, location: 2F
1-1: Ball
2-1: Ball
3-1: Base on Balls
Batting: LHB Ramón Córdova 0-0: Ball
1-0: Grounds into double play, 6-4-3 (Groundball, 6)
Batting: RHB Paul Richard 0-0: Fly out, F8 (Flyball, 8LD)
Top of the 1st over - 0 runs, 0 hits, 0 errors, 0 left on base; Casper 0 - Menlo 0
BOTTOM OF THE 1ST
Menlo Maniacs batting - Pitching for Casper Ghosts : RHP Larry Jenkins
Pitching: RHP Larry Jenkins
Batting: LHB Bernardo Rodríguez 0-0: Called Strike
0-1: Fly out, F8 (Flyball, 8LXD)
Batting: RHB Jimmy Skinner 0-0: Ball
1-0: SINGLE (Flyball, 78M)
Batting: LHB Bob Campbell 0-0: Ball
1-0: Called Strike
1-1: Foul Ball, location: 2F
1-2: Ball
Jimmy Skinner steals 2nd base
2-2: Foul Ball, location: 2F
2-2: Fly out, F7 (Flyball, 7LM)
Batting: RHB Joe Noble 0-0: Swinging Strike
0-1: Ball
1-1: Ball
2-1: Fly out, F8 (Flyball, 8RXD)
Bottom of the 1st over - 0 runs, 1 hit, 0 errors, 1 left on base; Casper 0 - Menlo 0
TOP OF THE 2ND
Casper Ghosts batting - Pitching for Menlo Maniacs : RHP Brad Small
Batting: LHB Luis Rodríguez 0-0: Called Strike
0-1: Ball
1-1: Called Strike
1-2: Strikes out looking
Batting: RHB Robert Acosta 0-0: Ball
1-0: Ball
2-0: Called Strike
2-1: Ball
3-1: Fly out, F8 (Flyball, 8LM)
Batting: RHB Miguel Toro 0-0: SINGLE (Line Drive, 9S)
Batting: SHB José González 0-0: Ball
1-0: Ball
2-0: DOUBLE (Line Drive, 89D)
Miguel Toro to third
Batting: LHB Ronald Gordon 0-0: Hit by Pitch
Batting: RHB Hunter Plunket 0-0: Called Strike
0-1: SINGLE (Groundball, 56S) (infield hit)
Miguel Toro scores
José González to third
Ronald Gordon to second
Batting: RHB Peter Bryant 0-0: Swinging Strike
0-1: Ball
1-1: Foul Ball, location: 2F
1-2: Ball
2-2: Foul Ball, location: 2F
2-2: Ball
3-2: Base on Balls
José González scores
Ronald Gordon to third
Hunter Plunket to second
Batting: LHB Ramón Córdova 0-0: Called Strike
0-1: Ball
1-1: Called Strike
1-2: Ball
2-2: Ball
3-2: Base on Balls
Ronald Gordon scores
Hunter Plunket to third
Peter Bryant to second
Batting: RHB Paul Richard 0-0: Ball
1-0: Foul Ball, location: 2F
1-1: Ball
2-1: Ball
3-1: TRIPLE (Line Drive, 89XD)
Hunter Plunket scores
Peter Bryant scores
Ramón Córdova scores
Batting: LHB Luis Rodríguez 0-0: Ball
1-0: Ball
2-0: Ball
3-0: Called Strike
3-1: Base on Balls
Batting: RHB Robert Acosta 0-0: Called Strike
0-1: Ball
1-1: Ground out 5-3 (Groundball, 56S)
Top of the 2nd over - 6 runs, 4 hits, 0 errors, 2 left on base; Casper 6 - Menlo 0
BOTTOM OF THE 2ND
Menlo Maniacs batting - Pitching for Casper Ghosts : RHP Larry Jenkins
Batting: RHB Gerald Miller 0-0: Ball
1-0: Ball
2-0: Called Strike
2-1: Foul Ball, location: 2F
2-2: Ball
3-2: Foul Ball, location: 2F
3-2: Strikes out swinging
Batting: RHB Eleuterio Supardo 0-0: Ball
1-0: Foul Ball, location: 2F
1-1: Called Strike
1-2: Ball
2-2: Ball
3-2: Base on Balls
Batting: RHB Currito Campos 0-0: Swinging Strike
0-1: Foul Ball, location: 2F
0-2: Strikes out swinging
Batting: RHB Dani Torres 0-0: Called Strike
0-1: Ball
1-1: Swinging Strike
1-2: Strikes out looking
Bottom of the 2nd over - 0 runs, 0 hits, 0 errors, 1 left on base; Casper 6 - Menlo 0
TOP OF THE 3RD
Casper Ghosts batting - Pitching for Menlo Maniacs : RHP Brad Small
Batting: RHB Miguel Toro 0-0: Fly out, F6 (Popup, 15)
Batting: SHB José González 0-0: Called Strike
0-1: Foul Ball, location: 2F
0-2: Ball
1-2: SINGLE (Line Drive, 78S)
Batting: LHB Ronald Gordon 0-0: Called Strike
0-1: SINGLE (Groundball, 6MD)
José González to second
Runner from 2nd tries for 3rd, SAFE, no throw
Batting: RHB Hunter Plunket 0-0: Called Strike
0-1: SINGLE (Flyball, 9LS)
José González scores
Ronald Gordon to second
Runner from 2nd tries for 3rd, SAFE, no throw
Batting: RHB Peter Bryant 0-0: Ball
1-0: Called Strike
1-1: Called Strike
1-2: SINGLE (Groundball, 56D)
Ronald Gordon scores
Hunter Plunket to second
Batting: LHB Ramón Córdova 0-0: Ball
1-0: Foul Ball, location: 2F
1-1: Ball
2-1: Foul Ball, location: 2F
2-2: Ball
3-2: Fly out, F4 (Popup, 34S)
Batting: RHB Paul Richard 0-0: Ball
1-0: Called Strike
1-1: SINGLE (Groundball, 6MD)
Hunter Plunket to third
Peter Bryant to second
Runner from 3rd tries for Home, SAFE, no throw
Batting: LHB Luis Rodríguez 0-0: Ball
1-0: Ball
2-0: Foul Ball, location: 2F
2-1: Ground out 5-3 (Groundball, 56S)
Top of the 3rd over - 3 runs, 5 hits, 0 errors, 2 left on base; Casper 9 - Menlo 0
BOTTOM OF THE 3RD
Menlo Maniacs batting - Pitching for Casper Ghosts : RHP Larry Jenkins
Batting: RHB Glenn Carter 0-0: Ball
1-0: Foul Ball, location: 2F
1-1: SINGLE (Groundball, 56D)
Batting: LHB Bernardo Rodríguez 0-0: Ball
1-0: Ball
2-0: Ball
3-0: Called Strike
3-1: Foul Ball, location: 2F
3-2: SINGLE (Groundball, 4MD)
Glenn Carter to second
Batting: RHB Jimmy Skinner 0-0: Called Strike
0-1: Foul Ball, location: 2F
0-2: Ball
1-2: Ball
2-2: Strikes out swinging
Batting: LHB Bob Campbell 0-0: Ball
1-0: Called Strike
1-1: Called Strike
1-2: Fly out, F8 (Flyball, 8LD)
Batting: RHB Joe Noble 0-0: Called Strike
0-1: Ball
1-1: Fly out, F3 (Popup, 34)
Bottom of the 3rd over - 0 runs, 2 hits, 0 errors, 2 left on base; Casper 9 - Menlo 0
TOP OF THE 4TH
Casper Ghosts batting - Pitching for Menlo Maniacs : RHP Brad Small
Batting: RHB Robert Acosta 0-0: Called Strike
0-1: Ball
1-1: Foul Ball, location: 2F
1-2: Ball
2-2: Ball
3-2: Fly out, F4 (Line Drive, 4M)
Batting: RHB Miguel Toro 0-0: Called Strike
0-1: Foul Ball, location: 2F
0-2: SINGLE (Groundball, 34D)
Batting: SHB José González 0-0: Ball
1-0: SINGLE (Line Drive, 4MD)
Miguel Toro to second
Runner from 2nd tries for 3rd, SAFE, no throw
Batting: LHB Ronald Gordon 0-0: Ball
1-0: Ball
2-0: Called Strike
2-1: Foul Ball, location: 2F
2-2: Grounds into double play, 4-6-3 (Groundball, 4M)
Top of the 4th over - 0 runs, 2 hits, 0 errors, 1 left on base; Casper 9 - Menlo 0
BOTTOM OF THE 4TH
Menlo Maniacs batting - Pitching for Casper Ghosts : RHP Larry Jenkins
Batting: RHB Gerald Miller 0-0: Called Strike
0-1: Swinging Strike
0-2: Strikes out swinging
Batting: RHB Eleuterio Supardo 0-0: Fly out, F9 (Flyball, 9D)
Batting: RHB Currito Campos 0-0: Ball
1-0: Ball
2-0: Ball
3-0: Called Strike
3-1: Base on Balls
Batting: RHB Dani Torres 0-0: Ball
1-0: Foul Ball, location: 2F
1-1: Ball
2-1: Ball
3-1: Base on Balls
Currito Campos to second
Batting: RHB Glenn Carter 0-0: Called Strike
0-1: Foul Ball, location: 2F
0-2: Fly out, F8 (Flyball, 8LD)
Bottom of the 4th over - 0 runs, 0 hits, 0 errors, 2 left on base; Casper 9 - Menlo 0
TOP OF THE 5TH
Casper Ghosts batting - Pitching for Menlo Maniacs : RHP Brad Small
Batting: RHB Hunter Plunket 0-0: Ball
1-0: Called Strike
1-1: Ball
2-1: Foul Ball, location: 2F
2-2: Strikes out swinging
Batting: RHB Peter Bryant 0-0: Called Strike
0-1: Ball
1-1: Ground out 5-3 (Groundball, 2L)
Batting: LHB Ramón Córdova 0-0: Called Strike
0-1: Ball
1-1: Foul Ball, location: 2F
1-2: Ball
2-2: Foul Ball, location: 2F
2-2: Strikes out swinging
Top of the 5th over - 0 runs, 0 hits, 0 errors, 0 left on base; Casper 9 - Menlo 0
BOTTOM OF THE 5TH
Menlo Maniacs batting - Pitching for Casper Ghosts : RHP Larry Jenkins
Batting: LHB Bernardo Rodríguez 0-0: Foul Ball, location: 2F
0-1: Ball
1-1: Ball
2-1: Ball
3-1: Foul Ball, location: 2F
3-2: Base on Balls
Batting: RHB Jimmy Skinner 0-0: Called Strike
0-1: Called Strike
0-2: Foul Ball, location: 2F
0-2: Ball
1-2: Ball
2-2: SINGLE (Groundball, 6MD)
Bernardo Rodríguez to second
Batting: LHB Bob Campbell 0-0: Swinging Strike
0-1: Foul Ball, location: 2F
0-2: Ball
1-2: Ball
2-2: SINGLE (Flyball, 89M)
Bernardo Rodríguez to third
Jimmy Skinner to second
Batting: RHB Joe Noble 0-0: Ball
1-0: Called Strike
1-1: Ball
2-1: Swinging Strike
2-2: Fly out, F9 (Flyball, 89D)
Runner from 3rd tags up, SCORES, no throw
Batting: RHB Gerald Miller 0-0: Called Strike
Jimmy Skinner steals 3rd base
Bob Campbell to second
0-1: Fly out, F9 (Flyball, 9)
Runner from 3rd tags up, OUT at HOME
Bottom of the 5th over - 1 run, 2 hits, 0 errors, 1 left on base; Casper 9 - Menlo 1
TOP OF THE 6TH
Casper Ghosts batting - Pitching for Menlo Maniacs : RHP Brad Small
Batting: RHB Paul Richard 0-0: Called Strike
0-1: SINGLE (Line Drive, 7LS)
Pitching: RHP Wayne Todd
Batting: LHB Luis Rodríguez 0-0: Foul Ball, location: 2F
0-1: Ball
1-1: Foul Ball, location: 2F
1-2: SINGLE (Groundball, 6S) (infield hit)
Paul Richard to second
Batting: RHB Robert Acosta 0-0: Called Strike
0-1: Grounds into double play, 6-4-3 (Groundball, 6)
Paul Richard to third
Batting: RHB Miguel Toro 0-0: Ball
1-0: Ball
2-0: Ball
3-0: Base on Balls
Batting: SHB José González 0-0: Ground out 5-3 (Groundball, 56)
Top of the 6th over - 0 runs, 2 hits, 0 errors, 2 left on base; Casper 9 - Menlo 1
BOTTOM OF THE 6TH
Menlo Maniacs batting - Pitching for Casper Ghosts : RHP Larry Jenkins
Batting: RHB Eleuterio Supardo 0-0: Foul Ball, location: 2F
0-1: Swinging Strike
0-2: Hit by Pitch
Batting: RHB Currito Campos 0-0: Ball
1-0: Ball
2-0: Ground out 5-3 (Groundball, 56S)
Eleuterio Supardo to second
Batting: RHB Dani Torres 0-0: Ball
1-0: Fly out, F7 (Flyball, 7LMF)
Batting: RHB Glenn Carter 0-0: Called Strike
0-1: Foul Ball, location: 2F
0-2: Strikes out swinging
Bottom of the 6th over - 0 runs, 0 hits, 0 errors, 1 left on base; Casper 9 - Menlo 1
TOP OF THE 7TH
Casper Ghosts batting - Pitching for Menlo Maniacs : RHP Wayne Todd
Batting: LHB Ronald Gordon 0-0: Called Strike
0-1: Ball
1-1: Swinging Strike
1-2: Ball
2-2: Ball
3-2: Strikes out swinging
Batting: RHB Hunter Plunket 0-0: Called Strike
0-1: Ball
1-1: Foul Ball, location: 2F
1-2: Fly out, F9 (Flyball, 9)
Batting: RHB Peter Bryant 0-0: Foul Ball, location: 2F
0-1: Ball
1-1: Called Strike
1-2: Foul Ball, location: 2F
1-2: Ball
2-2: Strikes out swinging
Top of the 7th over - 0 runs, 0 hits, 0 errors, 0 left on base; Casper 9 - Menlo 1
BOTTOM OF THE 7TH
Menlo Maniacs batting - Pitching for Casper Ghosts : RHP Larry Jenkins
Batting: LHB Bernardo Rodríguez 0-0: Ball
1-0: Called Strike
1-1: Fly out, F6 (Popup, 56)
Batting: RHB Jimmy Skinner 0-0: Ball
1-0: Called Strike
1-1: Ball
2-1: Ball
3-1: Foul Ball, location: 2F
3-2: Reached on error, E7 (Line Drive, 7)
Pitching: RHP Jack Hampton
Batting: LHB Bob Campbell 0-0: Called Strike
Jimmy Skinner is caught stealing 3rd base
0-1: Ball
1-1: Foul Ball, location: 2F
1-2: Reached on error, E1 (Groundball, 15)
Batting: RHB Joe Noble 0-0: Ball
Bob Campbell steals 2nd base
1-0: Swinging Strike
1-1: Ball
2-1: Ground out 5-3 (Groundball, 5L)
Bottom of the 7th over - 0 runs, 0 hits, 2 errors, 1 left on base; Casper 9 - Menlo 1
TOP OF THE 8TH
Casper Ghosts batting - Pitching for Menlo Maniacs : RHP Wayne Todd
Batting: LHB Ramón Córdova 0-0: Called Strike
0-1: Ball
1-1: Foul Ball, location: 2F
1-2: Ball
2-2: Fly out, F6 (Popup, 6MS)
Batting: RHB Paul Richard 0-0: Called Strike
0-1: Ground out 4-3 (Groundball, 4)
Batting: LHB Luis Rodríguez 0-0: Ball
1-0: Fly out, F8 (Flyball, 78D)
Top of the 8th over - 0 runs, 0 hits, 0 errors, 0 left on base; Casper 9 - Menlo 1
BOTTOM OF THE 8TH
Menlo Maniacs batting - Pitching for Casper Ghosts : RHP Jack Hampton
Batting: RHB Gerald Miller 0-0: Called Strike
0-1: Swinging Strike
0-2: Strikes out swinging
Batting: RHB Eleuterio Supardo 0-0: Ball
1-0: Ball
2-0: Ground out 5-3 (Groundball, 5L)
Batting: RHB Currito Campos 0-0: Foul Ball, location: 2F
0-1: Called Strike
0-2: Ball
1-2: Ball
2-2: Foul Ball, location: 2F
2-2: Ground out 5-3 (Groundball, 5)
Bottom of the 8th over - 0 runs, 0 hits, 0 errors, 0 left on base; Casper 9 - Menlo 1
TOP OF THE 9TH
Casper Ghosts batting - Pitching for Menlo Maniacs : RHP Wayne Todd
Batting: RHB Robert Acosta 0-0: Foul Ball, location: 2F
0-1: Ball
1-1: Foul Ball, location: 2F
1-2: Foul Ball, location: 2F
1-2: Ball
2-2: Ground out 4-3 (Groundball, 4D)
Batting: RHB Miguel Toro 0-0: Called Strike
0-1: Ball
1-1: Foul Ball, location: 2F
1-2: Foul Ball, location: 2F
1-2: Ball
2-2: Ball
3-2: Base on Balls
Batting: SHB José González 0-0: Called Strike
0-1: Fly out, F7 (Flyball, 7S)
Batting: LHB Ronald Gordon 0-0: Called Strike
0-1: Ball
1-1: Ball
2-1: Ball
3-1: Fly out, F9 (Flyball, 89D)
Top of the 9th over - 0 runs, 0 hits, 0 errors, 1 left on base; Casper 9 - Menlo 1
BOTTOM OF THE 9TH
Menlo Maniacs batting - Pitching for Casper Ghosts : RHP Jack Hampton
Batting: RHB Dani Torres 0-0: Foul Ball, location: 2F
0-1: Ball
1-1: Ball
2-1: Swinging Strike
2-2: Ball
3-2: Strikes out looking
Batting: RHB Glenn Carter 0-0: Swinging Strike
0-1: Ball
1-1: Ground out 4-3 (Groundball, 4)
Batting: LHB Bernardo Rodríguez 0-0: Foul Ball, location: 2F
0-1: Ball
1-1: Foul Ball, location: 2F
1-2: Foul Ball, location: 2F
1-2: Strikes out swinging
Bottom of the 9th over - 0 runs, 0 hits, 0 errors, 0 left on base; Casper 9 - Menlo 1
Saturday, December 16th, 2017 - OOTP Baseball 18.8 Build 76